AoeStats
← 76561199026418587

Arena

510250554Analyzed
2v2 RM · 2d ago on Sep 30, 2026· 49m 55s· 4 players
Game mode
Random Map
Map size
Medium (4 player)
Population
200
Speed
Normal
Resources
Standard
Victory
Conquest
Starting age
Dark Age
Ending age
Imperial Age
RankedLock teamsTeams togetherTeam positionsShared explorationLock speedFull tech treeHidden civsTurbo modeCheats
Victory
Defeat
🇨🇳 Turks · China
1055
+15
🇨🇳 Georgians · China
1052
+15
🇨🇳 Varangians · China
1058
-15
🇨🇳 Saxons · China
1025
-15
欲火银河
10:49 Feudal Age
11:43 Double-Bit Axe
14:39 Castle Age
12:50 Gold Mining
15:29 Bow Saw
16:39 Scale Mail Armor
16:49 Forging
17:38 Arson
19:13 Chain Mail Armor
19:08 Forging
19:13 Chain Mail Armor
20:49 Forging
23:06 Iron Casting
37:58 Redemption
43:33 Imperial Age
45:16 Conscription
Super207
10:32 Feudal Age
11:39 Loom
14:22 Castle Age
12:34 Double-Bit Axe
23:49 Gold Mining
28:33 Wheelbarrow
31:02 Imperial Age
29:43 Herbal Medicine
30:42 Bow Saw
32:32 Bloodlines
32:23 Husbandry
32:52 Scale Barding Armor
34:05 Chain Barding Armor
36:36 Conscription
38:35 Plate Barding Armor
42:44 Conscription
44:03 Forging
43:55 Gothikon
44:18 Pikeman
44:59 Halberdier
45:39 Squires
46:33 Scale Mail Armor
47:38 Chain Mail Armor
Mr.Curiosity
9:55 Feudal Age
13:57 Castle Age
11:53 Double-Bit Axe
12:19 Horse Collar
20:45 Loom
21:45 Heavy Plow
27:51 Wheelbarrow
31:49 Imperial Age
30:05 Hand Cart
29:35 Town Watch
29:49 Fletching
29:55 Stone Mining
32:04 Bloodlines
31:54 Husbandry
32:32 Scale Barding Armor
32:37 Forging
32:23 Bodkin Arrow
32:43 Bow Saw
32:23 Gold Mining
33:08 Stone Shaft Mining
35:18 Conscription
36:04 Chain Barding Armor
36:19 Iron Casting
35:45 Bracer
36:41 Cavalier
41:01 Plate Barding Armor
41:28 Elite Monaspa
42:44 Hoardings
41:37 Light Cavalry
46:10 Aznauri Cavalry
47:07 Blast Furnace
46:38 Svan Towers
47:22 Masonry
47:18 Siege Engineers
47:34 Ballistics
47:05 Guard Tower
48:15 Chemistry
47:02 Arrowslits
76561199026418587
11:51 Feudal Age
16:20 Castle Age
15:08 Double-Bit Axe
15:06 Horse Collar
20:27 Heavy Plow
24:14 Scale Mail Armor
25:32 Scale Barding Armor
25:45 Bloodlines
27:52 Loom
47:42 Wheelbarrow
49:01 Husbandry
Connection lost

Rejoining the realm…

Still unreachable

The connection could not be restored.

Session expired

The server has moved on; the page needs a fresh start.